 Dungeon Crawl Stone Soup version 0.19.4-8-ga85b6b9 (webtiles) character file.

5751 Jerry the Cleaver (level 10, -1/90 HPs)
             Began as a Hill Orc Fighter on Feb 11, 2017.
             Was a Priest of Kikubaaqudgha.
             Slain by Erolcha
             ... wielding a +4 giant club
              (2 damage)
             ... on level 9 of the Dungeon.
             The game lasted 00:43:10 (9956 turns).

Jerry the Cleaver (Hill Orc Fighter)                Turns: 9956, Time: 00:43:10

Health: -1/90      AC: 19    Str: 21    XL:     10   Next: 77%
Magic:  15/15      EV:  9    Int: 10    God:    Kikubaaqudgha [***...]
Gold:   148        SH:  6    Dex: 10    Spells: 5 memorised, 5 levels left

rFire  + . .     SeeInvis .     d - +0 war axe (vamp)
rCold  + . .     Gourm    .     p - +3 plate armour
rNeg   . . .     Faith    .     y - +0 buckler
rPois  +         Spirit   .     j - +0 hat
rElec  +         Reflect  +     B - +2 cloak
rCorr  +         Harm     .     (no gloves)
MR     .....                    (no boots)
Stlth  ..........               P - +2 amulet of reflection
                                v - +3 ring of evasion
                                c - ring of poison resistance

@: resistant, slowed, very slow
A: no striking features
a: Receive Corpses, Renounce Religion


You were on level 9 of the Dungeon.
You worshipped Kikubaaqudgha.
Kikubaaqudgha was most pleased with you.
You were not hungry.

You visited 2 branches of the dungeon, and saw 10 of its levels.
You also visited: Ossuary.

You collected 348 gold pieces.
You spent 200 gold pieces at shops.

Inventory:

Hand Weapons
 d - a +0 vampiric war axe (weapon)
 e - a +0 morningstar of freezing
 A - a +3 battleaxe
 I - a +6 war axe
Armour
 j - a +0 hat (worn)
 o - a +2 scale mail of cold resistance
 p - a +3 plate armour (worn)
 y - a +0 buckler (worn)
 B - a +2 cloak (worn)
Jewellery
 c - a ring of poison resistance (left hand)
 q - an uncursed ring of wizardry
 v - a +3 ring of evasion (right hand)
 P - a +2 amulet of reflection (around neck)
Wands
 a - a wand of disintegration (11/24)
 g - a wand of lightning (3/15)
 D - a wand of iceblast (0/15)
 J - a wand of teleportation (8/9)
Scrolls
 b - 2 scrolls of teleportation
 l - a scroll of fear
 s - 4 scrolls of enchant weapon
 u - 3 scrolls of remove curse
 w - a scroll of magic mapping
 M - a scroll of fog
Potions
 n - a potion of berserk rage
 r - 2 potions of flight
 t - 3 potions of curing
 x - 2 potions of brilliance
 z - 3 potions of heal wounds {unknown}
 G - a potion of ambrosia {unknown}
 K - 2 potions of haste {unknown}
 L - 2 potions of might
 O - a potion of invisibility {unknown}
 R - 3 potions of agility {unknown}
 S - a potion of mutation {unknown}
Books
 k - Kikubaaqudgha's Almanac of Evil
   (Kikubaaqudgha gifted it to you on level 8 of the Dungeon)

   Spells                             Type                      Level
   a - Excruciating Wounds            Charms/Necromancy            5
   b - Agony                          Necromancy                   5
   c - Cigotuvi's Embrace             Necromancy                   5
   d - Dispel Undead                  Necromancy                   5
   e - Death Channel                  Necromancy                   6
Comestibles
 f - 8 bread rations
 i - 2 chunks of flesh
 m - 7 beef jerkies
 C - 3 meat rations


   Skills:
 + Level 8.8 Fighting
 * Level 12.9 Axes
 + Level 8.0 Armour
 - Level 4.7 Shields
 + Level 3.4 Spellcasting
 + Level 5.0 Necromancy


You had 5 spell levels left.
You knew the following spells:

 Your Spells              Type           Power        Failure   Level  Hunger
a - Animate Skeleton      Necr           N/A          73%         1    #......
b - Repel Missiles        Chrm/Air       #.....       100%        2    ###....
c - Regeneration          Chrm/Necr      #.........   100%        3    ###....
d - Sublimation of Blood  Necr           ##........   90%         2    ###....
e - Corpse Rot            Necr           N/A          90%         2    ###....


Dungeon Overview and Level Annotations

Branches:
Dungeon (9/15)             Temple (1/1) D:6            Lair (0/6) D:8
    Orc: D:9-12

Altars:
Ashenzari
Cheibriados
Dithmenos
Elyvilon
Fedhas
Gozag
Hepliaklqana
Kikubaaqudgha
Makhleb
Nemelex Xobeh
Okawaru
Qazlal
Ru
Sif Muna
Trog
Uskayaw
Vehumet
Xom
Yredelemnul
Zin
The Shining One

Shops:
D:4 =   D:8 :

Annotations:
D:9 Erolcha


Message History

Erolcha is lightly wounded.
Erolcha hits you but does no damage.
You slash Erolcha!
You feel better.
Erolcha is moderately wounded.
Erolcha hits you but does no damage.
You slash Erolcha!
You feel better.
Erolcha is heavily wounded.
Erolcha points at you and mumbles some strange words.
You feel yourself slow down.
You hit Erolcha.
You feel better.
Erolcha is heavily wounded.
Erolcha hits you with an enchanted giant club!!
* * * LOW HITPOINT WARNING * * *
Erolcha barely misses you.
You feel protected.
Erolcha hits you with an enchanted giant club!!
* * * LOW HITPOINT WARNING * * *
Erolcha hits you with an enchanted giant club.
You die...
Kikubaaqudgha rasps: "You have failed me!
Welcome... death!"

###### #..<.# #....#
#....# #....########
#........@O.#
#....######.## #....#
#..# #....# ##.# #....#
#O## ###.## ##..#########
####.## ####.........O..
#...รท.###..............#
#.....##..###.........##


You could see Erolcha.

Vanquished Creatures
  Gastronok (D:8)
  A two-headed ogre (D:8)
  2 hippogriffs
  Menkaure (D:6)
  A water moccasin (D:6)
  Duvessa (D:7)
  An orc warrior (D:8)
  An ice beast (D:8)
  A black bear (D:7)
  2 ogres
  5 centaurs
  4 bullfrogs
  Dowan (D:7)
  A water moccasin zombie (Ossuary)
  9 killer bees
  5 wights (D:6)
  2 electric eels (D:8)
  A howler monkey (D:6)
  A crimson imp (D:6)
  2 centaur zombies
  A bullfrog zombie (D:6)
  2 orc priests
  2 bullfrog skeletons
  A centaur skeleton (D:4)
  6 orc wizards
  3 iguanas
  6 worker ants
  A killer bee zombie (Ossuary)
  17 mummies (Ossuary)
  3 hound zombies (Ossuary)
  6 worker ant zombies (Ossuary)
  12 adders
  2 shadow imps (D:6)
  2 oozes (D:2)
  An adder zombie (Ossuary)
  2 worms
  2 dart slugs
  3 leopard geckos
  19 orcs
  A ball python (D:3)
  5 giant cockroaches
  8 goblins
  6 hobgoblins
  17 jackals
  3 kobolds
  A quokka (D:6)
  5 bats
  7 frilled lizards
  A giant cockroach zombie (D:6)
  A hobgoblin zombie (D:7)
  A leopard gecko skeleton (D:4)
  2 quokka zombies
  10 rats
  A rat zombie (D:7)
203 creatures vanquished.

Vanquished Creatures (others)
  4 plants
  4 withered plants (Ossuary)
8 creatures vanquished.

Grand Total: 211 creatures vanquished

Notes
Turn   | Place    | Note
-------+----------+-------------------------------------------
     0 | D:1      | Jerry the Hill Orc Fighter began the quest for the Orb.
     0 | D:1      | Reached XP level 1. HP: 19/19 MP: 1/1
   123 | D:1      | Reached skill level 3 in Axes
   127 | D:1      | Reached XP level 2. HP: 25/27 MP: 2/2
   588 | D:2      | Reached skill level 4 in Axes
   588 | D:2      | Reached XP level 3. HP: 33/33 MP: 3/3
   854 | D:2      | Found a shattered altar of Ashenzari.
   881 | D:2      | Reached XP level 4. HP: 40/40 MP: 4/4
  1363 | D:2      | Found a shimmering altar of Xom.
  1762 | D:3      | Reached skill level 5 in Axes
  2098 | D:3      | Reached XP level 5. HP: 47/47 MP: 5/5
  2755 | D:4      | Found Cyatan's Jewellery Boutique.
  2770 | D:4      | Noticed an air elemental
  2772 | D:4      | Found a stormy altar of Qazlal.
  2773 | D:4      | Noticed a fire elemental
  2773 | D:4      | Noticed a water elemental
  2821 | D:4      | Found a blossoming altar of Fedhas.
  2821 | D:4      | Found a sparkling altar of Nemelex Xobeh.
  2826 | D:4      | Found a faded altar of an unknown god.
  2828 | D:4      | Found a faded altar of an unknown god.
  2829 | D:4      | Found a faded altar of an unknown god.
  2993 | D:4      | Reached skill level 5 in Fighting
  2993 | D:4      | Reached skill level 6 in Axes
  2993 | D:4      | Reached XP level 6. HP: 13/56 MP: 6/6
  3587 | D:4      | Found a white marble altar of Elyvilon.
  3634 | D:4      | Found a snail-covered altar of Cheibriados.
  4075 | D:5      | Entered Level 5 of the Dungeon
  4108 | D:5      | Got a brightly glowing hand axe
  4109 | D:5      | Identified the cursed +0 hand axe "Mesuhya" {distort, +Blink rPois} (You found it on level 5 of the Dungeon)
  4117 | D:5      | Learned a level 1 spell: Animate Skeleton
  4120 | D:5      | Learned a level 2 spell: Repel Missiles
  4145 | D:5      | Found an iron altar of Okawaru.
  4341 | D:5      | Found a stormy altar of Qazlal.
  4602 | D:5      | Reached skill level 7 in Axes
  4609 | D:5      | Reached skill level 5 in Armour
  4609 | D:5      | Reached XP level 7. HP: 46/61 MP: 7/7
  5050 | D:6      | Found a staircase to the Ecumenical Temple.
  5063 | Temple   | Entered the Ecumenical Temple
  5155 | Temple   | Became a worshipper of Kikubaaqudgha
  5204 | D:6      | Found a basalt altar of Yredelemnul.
  5479 | D:6      | Found a shattered altar of Ashenzari.
  5479 | D:6      | Found a hide-covered altar of Uskayaw.
  5578 | D:6      | Noticed Menkaure
  5593 | D:6      | Killed Menkaure
  5593 | D:6      | Reached skill level 8 in Axes
  5667 | D:6      | Reached XP level 8. HP: 49/70 MP: 8/8
  5669 | D:6      | Found a burning altar of Makhleb.
  5720 | D:6      | Reached skill level 9 in Axes
  6039 | D:6      | Noticed a green death
  6043 | D:6      | Noticed an orange demon
  6303 | D:7      | Reached skill level 1 in Necromancy
  6353 | D:7      | Found Emichub's Antique Weapon Emporium.
  6392 | D:7      | Reached * piety under Kikubaaqudgha
  6392 | D:7      | Identified Kikubaaqudgha's Incunabulum of Necromancy (Kikubaaqudgha gifted it to you on level 7 of the Dungeon)
  6392 | D:7      | Received a gift from Kikubaaqudgha
  6447 | D:7      | Found a glowing silver altar of Zin.
  6473 | D:7      | Noticed Duvessa
  6474 | D:7      | Noticed Dowan
  6492 | D:7      | Killed Duvessa
  6492 | D:7      | Reached skill level 1 in Spellcasting
  6498 | D:7      | Killed Dowan
  6498 | D:7      | Reached skill level 10 in Axes
  6498 | D:7      | Reached XP level 9. HP: 48/79 MP: 10/10
  6822 | D:7      | Found a sand-covered staircase.
  6834 | Ossuary  | Entered an ossuary
  7179 | Ossuary  | Reached ** piety under Kikubaaqudgha
  7383 | D:7      | Got a coiled pewter amulet
  7384 | D:7      | Identified the amulet of Cofeigg {Harm *Drain Int+4} (You found it on level 7 of the Dungeon)
  7772 | D:8      | Reached skill level 11 in Axes
  7773 | D:8      | Noticed Gastronok
  7884 | D:8      | Noticed a two-headed ogre
  7915 | D:8      | Killed a two-headed ogre
  8174 | D:6      | Reached XP level 10. HP: 88/88 MP: 13/13
  8233 | D:4      | Bought an uncursed ring of poison resistance for 200 gold pieces
  8327 | D:8      | Found Pubbopn's Book Boutique.
  8435 | D:8      | Learned a level 3 spell: Regeneration
  8438 | D:8      | Learned a level 2 spell: Sublimation of Blood
  8448 | D:8      | Learned a level 2 spell: Corpse Rot
  8662 | D:8      | Found a staircase to the Lair.
  8959 | D:8      | Reached skill level 12 in Axes
  9145 | D:8      | Killed Gastronok
  9229 | D:8      | Reached *** piety under Kikubaaqudgha
  9229 | D:8      | Identified Kikubaaqudgha's Almanac of Evil (Kikubaaqudgha gifted it to you on level 8 of the Dungeon)
  9229 | D:8      | Received a gift from Kikubaaqudgha
  9912 | D:9      | Reached skill level 5 in Necromancy
  9933 | D:9      | Noticed Erolcha
  9956 | D:9      | HP: 1/90 [Erolcha/enchanted giant club (21)]
  9956 | D:9      | Slain by Erolcha

Skill      XL: |  1  2  3  4  5  6  7  8  9 10 |
---------------+-------------------------------+-----
Axes           | 3 4 5 6 7 8 10 11 12 | 12.9
Fighting       | 4 5 6 7 8 |  8.8
Armour         | 4 5 6 7 8 |  8.0
Shields        | 4 |  4.7
Necromancy     | 1 4 5 |  5.0
Spellcasting   | 1 2 3 |  3.4

Action                   |  1- 3 |  4- 6 |  7- 9 | 10-12 || total
-------------------------+-------+-------+-------+-------++-------
Melee: War axe           |    91 |   212 |   331 |   138 ||   772
Evoke: Wand              |       |       |     4 |       ||     4
  Use: Potion            |       |     1 |       |     2 ||     3
       Scroll            |       |     1 |    22 |       ||    23
  Eat: Chunk             |       |    10 |    12 |     4 ||    26
       Royal jelly       |       |     1 |       |     1 ||     2
       Beef jerky        |       |       |       |     3 ||     3
Armor: Scale mail        |    51 |   103 |    88 |    27 ||   269
       Plate armour      |       |       |       |     7 ||     7
Dodge: Dodged            |    55 |   150 |   167 |    57 ||   429
Block: Buckler           |       |       |    46 |    27 ||    73
       Reflection        |       |       |     3 |       ||     3
